 Dungeon Crawl Stone Soup version 0.18.1-48-g4cf74bf (webtiles) character file.

7541 Mesmaeker13 the Fighter (level 10, -1/87 HPs)
             Began as a Demonspawn Gladiator on Aug 25, 2016.
             Was a High Priest of Makhleb.
             Slain by a troll (4 damage)
             ... on level 11 of the Dungeon.
             The game lasted 00:32:11 (13013 turns).

Mesmaeker13 the Fighter (Demonspawn Gladiator)     Turns: 13013, Time: 00:32:11

Health: -1/87      AC: 17    Str: 18    XL:     10   Next: 96%
Magic:  15/15      EV:  7    Int: 10    God:    Makhleb [*****.]
Gold:   565        SH:  5    Dex: 14    Spells: 0 memorised, 9 levels left

rFire  . . .     SeeInvis .     a - +2 trident
rCold  . . .     Gourm    .     j - -2 plate armour
rNeg   . . .     Faith    .     M - +0 buckler
rPois  +         Spirit   .     c - +1 helmet
rElec  .         Dismiss  .     O - +0 cloak
rCorr  .         Reflect  .     (gloves unavailable)
SustAt .         Harm     .     (no boots)
MR     .....                    R - amulet of regeneration
Stlth  +.........               F - ring of stealth
                                Q - ring "Vicvye Pehu" {+Inv +Fly rPois Stlth+}

@: not resistant to hostile enchantments, very unstealthy
A: claws 3, rugged brown scales 2, nightstalker 2
a: Minor Destruction, Lesser Servant of Makhleb, Major Destruction, Greater
Servant of Makhleb, Renounce Religion, Evoke Invisibility, Evoke Flight


You were on level 11 of the Dungeon.
You worshipped Makhleb.
Makhleb was extremely pleased with you.
You were hungry.

You visited 2 branches of the dungeon, and saw 12 of its levels.
You also visited: Ossuary.

You collected 565 gold pieces.

Inventory:

Hand Weapons
 a - a +2 trident (weapon)
 e - a +2 eveningstar of holy wrath
 h - a +0 blowgun
Missiles
 d - 2 throwing nets (quivered)
 p - 12 poisoned needles
 G - 7 needles of confusion
Armour
 c - a +1 helmet (worn)
 j - a -2 plate armour (worn)
 M - a +0 buckler (worn)
 O - a +0 cloak (worn)
Jewellery
 l - an uncursed ring of fire
 D - an uncursed ring of protection from cold
 F - a ring of stealth (right claw)
 Q - the ring "Vicvye Pehu" (left claw) {+Inv +Fly rPois Stlth+}
   (You found it on level 11 of the Dungeon)

   [ring of flight]

   It protects you from poison.
   It lets you turn invisible.
   It lets you fly.
   It makes you more stealthy.
 R - an amulet of regeneration (around neck)
Scrolls
 g - 5 scrolls of remove curse
 k - a scroll of random uselessness {unknown}
 o - 3 scrolls of amnesia
 v - a scroll of magic mapping
 x - 3 scrolls of recharging
 z - a scroll of fear
 A - 3 scrolls of enchant weapon
 H - 2 scrolls of teleportation
 J - 2 scrolls of enchant armour
 N - a scroll of fog
Potions
 b - 2 potions of magic
 i - a potion of invisibility {unknown}
 n - 3 potions of lignification
 u - a potion of resistance
 w - 4 potions of might
 B - 4 potions of flight
 I - a potion of brilliance
 L - a potion of heal wounds
Books
 K - a book of Clouds

   Spells                             Type                      Level
   a - Mephitic Cloud                 Conjuration/Poison/Air       3
   b - Conjure Flame                  Conjuration/Fire             3
   c - Poisonous Cloud                Conjuration/Poison/Air       6
   d - Freezing Cloud                 Conjuration/Ice/Air          6
   e - Ring of Flames                 Charms/Fire                  7
Comestibles
 f - 5 beef jerkies
 m - 2 meat rations
 s - a slice of pizza
 E - 4 bread rations


   Skills:
 + Level 9.3 Fighting
 + Level 8.9 Polearms
 - Level 1.7 Throwing
 + Level 7.6 Armour
 - Level 3.1 Dodging
 + Level 3.7 Shields
 + Level 6.8 Invocations


You had 9 spell levels left.
You didn't know any spells.

Dungeon Overview and Level Annotations

Branches:
Dungeon (11/15)            Temple (1/1) D:7            Lair (0/8) D:11
    Orc (0/2) D:11

Altars:
Ashenzari
Cheibriados
Dithmenos
Elyvilon
Fedhas
Gozag
Kikubaaqudgha
Makhleb
Nemelex Xobeh
Okawaru
Pakellas
Qazlal
Ru
Sif Muna
Trog
Vehumet
Xom
Yredelemnul
Zin
The Shining One

Shops:
D:4 (

Annotations:
D:8 Grum


Innate Abilities, Weirdness & Mutations

You have claws for hands.
You are mostly covered in rugged brown scales (AC +2, +5% HP).
You are significantly more attuned to the shadows.


Message History

The troll is heavily wounded.
The troll bites you but does no damage. You block the troll's attack.
The troll claws you.
You closely miss the troll.
The troll is moderately wounded.
The troll bites you! The troll claws you but does no damage.
The troll claws you!
* * * LOW HITPOINT WARNING * * *
Your plate armour prevents you from hitting the troll.
The troll is moderately wounded.
The troll bites you.
* * * LOW HITPOINT WARNING * * *
You block the troll's attack. The troll claws you!
* * * LOW HITPOINT WARNING * * *
You barely miss the troll.
The troll is moderately wounded.
The troll bites you.
* * * LOW HITPOINT WARNING * * *
The troll claws you but does no damage. The troll claws you.
You die...

####.....#
#....
#......#
#....
##....##
#....
#.....##...
#....
#..........
##..#
##.........
##..#
#..........
#....
#..........
#....
#T@.......$
#....
#.######...
#....
#......# .
#....
#....).#
#....
#......#
#......#
########


You could see a troll.

Vanquished Creatures
  A hill giant (D:11)
  A cyclops (D:11)
  The ghost of Charly the Prestidigitator, a novice KoAr (Ossuary)
  A komodo dragon (D:11)
  The ghost of ceb the Covered, an amateur DDFi (D:3)
  A hungry ghost (D:11)
  2 wyverns
  2 hippogriffs
  Menkaure (D:4)
  Duvessa (D:7)
  A black bear (D:10)
  2 ice beasts
  5 orc warriors
  A sky beast (D:7)
  5 ogres
  2 phantoms
  3 wolves (D:8)
  A centaur (D:9)
  3 giant frogs
  Dowan (D:7)
  2 scorpions
  7 killer bees
  5 wights (D:10)
  2 electric eels (D:10)
  2 howler monkeys (D:6)
  A jelly (D:9)
  3 crimson imps
  3 centaur zombies
  A giant frog zombie (D:5)
  A quasit (D:5)
  5 orc priests
  5 hounds
  3 giant frog skeletons
  12 orc wizards
  Natasha (twice) (D:2)
  Terence (D:2)
  4 iguanas
  13 worker ants
  5 big kobold zombies (Ossuary)
  2 hound skeletons
  A mummy (Ossuary)
  A worker ant zombie (D:11)
  7 gnolls
  A howler monkey skeleton (D:7)
  13 adders
  2 shadow imps
  3 oozes
  3 adder zombies
  2 worms
  A dart slug (D:4)
  7 giant geckos
  37 orcs
  5 spectral bats (Ossuary)
  2 ball pythons
  4 giant cockroaches
  8 gnoll zombies
  10 goblins
  8 hobgoblins
  15 jackals
  7 quokkas
  17 bats
  6 bat simulacra (Ossuary)
  A giant gecko skeleton (D:9)
  9 giant newts
  3 goblin simulacra (Ossuary)
  3 goblin zombies (Ossuary)
  5 hobgoblin zombies (Ossuary)
  A jackal skeleton (D:8)
  14 kobolds
  5 kobold simulacra (Ossuary)
  2 kobold zombies
  7 orc zombies (Ossuary)
  A quokka zombie (D:6)
  9 rats
  A rat simulacrum (Ossuary)
  5 spectral goblins (Ossuary)
  2 spectral kobolds (Ossuary)
  A spectral rat (Ossuary)
344 creatures vanquished.

Vanquished Creatures (others)
  An orc priest (D:11)
  2 orcs (D:11)
  A hobgoblin zombie (Ossuary)
  A kobold zombie (Ossuary)
  2 plants (D:11)
7 creatures vanquished.

Grand Total: 351 creatures vanquished

Notes
Turn   | Place    | Note
--------------------------------------------------------------
     0 | D:1      | Mesmaeker13 the Demonspawn Gladiator began the quest for the Orb.
     0 | D:1      | Reached XP level 1. HP: 16/16 MP: 1/1
   160 | D:1      | Gained mutation: You are partially covered in rugged brown scales (AC +1, +3% HP). [demonic ancestry]
   160 | D:1      | Reached XP level 2. HP: 13/22 MP: 2/2
   872 | D:1      | Gained mutation: You are slightly more attuned to the shadows. [demonic ancestry]
   872 | D:1      | Reached XP level 3. HP: 16/28 MP: 3/3
  1208 | D:2      | Found an opulent altar of Gozag.
  1582 | D:2      | Noticed Terence
  1646 | D:2      | Killed Terence
  1646 | D:2      | Reached skill level 3 in Fighting
  1646 | D:2      | Gained mutation: You are mostly covered in rugged brown scales (AC +2, +5% HP). [demonic ancestry]
  1646 | D:2      | Reached XP level 4. HP: 18/36 MP: 4/4
  1653 | D:2      | Reached skill level 1 in Armour
  1919 | D:2      | Noticed Natasha
  1929 | D:2      | Killed Natasha
  2303 | D:2      | Reached XP level 5. HP: 40/43 MP: 5/5
  2343 | D:2      | Noticed Natasha
  2348 | D:2      | Killed Natasha
  2785 | D:3      | Noticed ceb's ghost (amateur DDFi)
  3074 | D:4      | Found Bampy's Weapon Shoppe.
  3140 | D:4      | Gained mutation: You have sharp fingernails. [demonic ancestry]
  3140 | D:4      | Reached XP level 6. HP: 45/50 MP: 6/6
  3289 | D:4      | Reached skill level 4 in Fighting
  3644 | D:4      | Noticed Menkaure
  3690 | D:5      | Entered Level 5 of the Dungeon
  4319 | D:5      | Gained mutation: You are significantly more attuned to the shadows. [demonic ancestry]
  4319 | D:5      | Reached XP level 7. HP: 43/57 MP: 7/7
  4432 | D:5      | Reached skill level 5 in Polearms
  4673 | D:6      | Found a bloodstained altar of Trog.
  4674 | D:6      | Found a radiant altar of Vehumet.
  4675 | D:6      | Found a glowing golden altar of the Shining One.
  5090 | D:6      | Reached skill level 5 in Fighting
  5506 | D:6      | Reached XP level 8. HP: 66/66 MP: 8/8
  5871 | D:4      | Killed Menkaure
  6228 | D:3      | Killed ceb's ghost
  6228 | D:3      | Reached skill level 6 in Fighting
  6682 | D:7      | Found a staircase to the Ecumenical Temple.
  6735 | Temple   | Entered the Ecumenical Temple
  6864 | Temple   | Became a worshipper of Makhleb the Destroyer
  6960 | D:7      | Reached skill level 5 in Armour
  7028 | D:7      | Reached skill level 1 in Invocations
  7086 | D:7      | HP: 2/68 [orc warrior/battleaxe (13)]
  7431 | D:7      | Noticed Dowan
  7432 | D:7      | Noticed Duvessa
  7443 | D:7      | Killed Duvessa
  7456 | D:7      | Killed Dowan
  7601 | D:7      | Found a sacrificial altar of Ru.
  7601 | D:7      | Found an ancient bone altar of Kikubaaqudgha.
  7601 | D:7      | Found a sparkling altar of Nemelex Xobeh.
  7947 | D:8      | Noticed Grum
  7966 | D:8      | Gained mutation: You have very sharp fingernails. [demonic ancestry]
  7966 | D:8      | Reached XP level 9. HP: 56/74 MP: 9/11
  7968 | D:8      | Reached * piety under Makhleb
  7993 | D:8      | Reached skill level 7 in Fighting
  8117 | D:8      | Got a spiked leather armour
  8303 | D:8      | Found a sand-covered staircase.
  8310 | Ossuary  | Entered an ossuary
  8328 | Ossuary  | Noticed Charly's ghost (novice KoAr)
  8357 | Ossuary  | Killed Charly's ghost
  8588 | Ossuary  | Reached ** piety under Makhleb
  8614 | Ossuary  | Reached skill level 5 in Invocations
  8858 | Ossuary  | Reached *** piety under Makhleb
  9115 | D:8      | Got a warped long sword
  9116 | D:8      | Identified the cursed +1 long sword "Iwehyegy" {slice, *Rage rF- Int+3 Dex+6} (You found it on level 8 of the Dungeon)
  9329 | D:9      | Found a white marble altar of Elyvilon.
  9587 | D:9      | Reached skill level 8 in Fighting
  9900 | D:10     | Entered Level 10 of the Dungeon
 10125 | D:10     | Gained mutation: You have claws for hands. [demonic ancestry]
 10125 | D:10     | Reached XP level 10. HP: 53/84 MP: 14/14
 10237 | D:10     | Reached **** piety under Makhleb
 10457 | D:10     | Reached skill level 1 in Shields
 11772 | D:11     | Got a steaming turquoise ring
 11774 | D:11     | Identified the ring "Vicvye Pehu" {+Inv +Fly rPois Stlth+} (You found it on level 11 of the Dungeon)
 11791 | D:11     | Found a staircase to the Lair.
 12319 | D:11     | Found a shadowy altar of Dithmenos.
 12349 | D:11     | Noticed a cyclops
 12379 | D:11     | Killed a cyclops
 12467 | D:11     | Reached skill level 9 in Fighting
 12468 | D:11     | Noticed a hill giant
 12490 | D:11     | Killed a hill giant
 12500 | D:11     | Reached ***** piety under Makhleb
 12580 | D:11     | Found a staircase to the Orcish Mines.
 13013 | D:11     | HP: 3/87 [troll (4)]
 13013 | D:11     | Slain by a troll

Skill      XL: |  1  2  3  4  5  6  7  8  9 10 |
---------------+-------------------------------+-----
Polearms       | 3 4 5 6 7 8 |  8.9
Dodging        | 3 |  3.1
Fighting       | 3 4 5 6 8 9 |  9.3
Armour         | 1 2 3 4 5 6 7 |  7.6
Invocations    | 2 6 |  6.8
Shields        | 3 |  3.7
Throwing       | |  1.7

Action                   |  1- 3 |  4- 6 |  7- 9 | 10-12 || total
-------------------------+-------+-------+-------+-------++-------
Melee: Trident           |   217 |   233 |   888 |   471 ||  1809
Throw: Throwing net      |     1 |     1 |     1 |       ||     3
Invok: Lesser Servant of |       |       |       |     1 ||     1
Evoke: Wand              |       |     1 |     2 |       ||     3
  Use: Potion            |     2 |     3 |    14 |     4 ||    23
       Scroll            |     1 |     9 |    10 |     2 ||    22
 Stab: Sleeping          |     2 |       |       |       ||     2
       Held in net/web   |     2 |       |       |       ||     2
  Eat: Chunk             |     2 |     4 |    14 |     9 ||    29
       Bread ration      |       |     1 |     2 |     2 ||     5
Armor: Leather armour    |    46 |       |       |       ||    46
       Plate armour      |    34 |   149 |   496 |   255 ||   934
       Skin              |     1 |       |    99 |    16 ||   116
Dodge: Dodged            |   106 |    60 |   236 |   128 ||   530
Block: Buckler           |       |       |     1 |    89 ||    90
